 Dungeon Crawl Stone Soup version 0.28-a0-474-g535839065c (webtiles) character file.

Game seed: 12232736723219526298

177 frimble the Sneak (level 5, 0/34 HPs)
             Began as an Octopode Warper on Sept 16, 2021.
             Slain by a black bear (3 damage)
             ... on level 3 of the Dungeon.
             The game lasted 00:03:21 (3774 turns).

frimble the Sneak (Octopode Warper)                 Turns: 3774, Time: 00:03:22

Health: 0/34       AC:  1    Str: 10    XL:     5   Next: 57%
Magic:  1/8        EV: 13    Int: 16    God:
Gold:   88         SH:  0    Dex: 12    Spells: 6/8 levels left

rFire   . . .      SeeInvis .   a - +0 short sword (elec)
rCold   . . .      Faith    .   (no shield)
rNeg    . . .      Spirit   .   (helmet restricted)
rPois   .          Reflect  .   (no amulet)
rElec   .          Harm     .   i - ring of wizardry
rCorr   .          Rampage  .   (no ring)
Will    .....                   (no ring)
Stlth   ++++......              (no ring)
HPRegen 0.11/turn               (no ring)
MPRegen 0.11/turn               (no ring)
                                (no ring)
                                (no ring)

@: no status effects
A: almost no armour, amphibious, 8 rings, camouflage 1, gelatinous body 1,
(nimble swimmer 1), tentacles
a: no special abilities


You were on level 3 of the Dungeon.
You visited 1 branch of the dungeon, and saw 3 of its levels.

You collected 88 gold pieces.

Inventory:

Hand Weapons
 a - a +0 short sword of electrocution (weapon)
 d - a +1 dagger of draining
Missiles
 c - 5 boomerangs of dispersal
 e - 19 poisoned darts (quivered)
Jewellery
 i - a ring of wizardry (left tentacle)
 j - a ring of ice
 m - an amulet of the acrobat
Wands
 f - a wand of flame (9)
Scrolls
 l - a scroll of teleportation
Potions
 g - a potion of heal wounds
 h - a potion of berserk rage
 k - a potion of curing {unknown}


   Skills:
 - Level 2.0 Fighting
 + Level 4.0 Short Blades
 + Level 1.1 Throwing
 - Level 2.4 Dodging
 + Level 4.8 Stealth
 - Level 2.0 Spellcasting
 - Level 3.0 Translocations


You had 6 spell levels left.
You knew the following spells:

 Your Spells              Type           Power      Damage    Failure   Level
a - Blink                 Tloc           N/A        N/A       3%          2

Your spell library contained the following spells:

 Spells                   Type           Power      Damage    Failure   Level
 Gell's Gravitas          Tloc           5%         N/A       7%          3
 Lesser Beckoning         Tloc           11%        N/A       7%          3
 Teleport Other           Tloc           11%        N/A       7%          3
 Manifold Assault         Tloc           11%        N/A       52%         5


Dungeon Overview and Level Annotations

Branches:
Dungeon (3/15)

Altars:


Innate Abilities, Weirdness & Mutations

You cannot wear most types of armour.
You are amphibious.
You can wear up to eight rings at the same time.
Your skin changes colour to match your surroundings (Stealth+).
Your rubbery body absorbs attacks. (AC +1, EV +1)
((You are camouflaged near water. (Stealth+)))
You have tentacles for arms and can constrict up to eight enemies at once.


Message History

Throw: 22 darts (poison)
Press: ? - help, Q - select action, (/) - cycle Shift-Dir - straight line, f/p - black bear
Aim: a black bear (severely wounded, poisoned, 65% to hit)
You throw a poisoned dart. The poisoned dart hits the black bear.
The black bear looks even sicker.
The black bear is severely wounded.
The black bear goes berserk!
Casting: Blink (safe; 3% risk of failure)
Confirm with . or Enter, or press ? or * to list all spells.
You blink.
Casting: Blink (safe; 3% risk of failure)
Confirm with . or Enter, or press ? or * to list all spells.
You don't have enough magic to cast this spell.
Okay, then.
Blink to where?
Press: ? - help, Dir - move target, p - black bear
As you read the scroll of blinking, it crumbles to dust.
You hear an angry growl.
Throw: 21 darts (poison)
Press: ? - help, Q - select action, (/) - cycle Shift-Dir - straight line, f - black bear
Aim: a black bear (translocational energy, almost dead, berserk, poisoned, 65% to hit)
You throw a poisoned dart. The poisoned dart hits the black bear.
The black bear looks even sicker.
The black bear is almost dead.
The black bear rages.
Throw: 20 darts (poison)
Press: ? - help, Q - select action, (/) - cycle Shift-Dir - straight line, f/p - black bear
Aim: a black bear (almost dead, berserk, very poisoned, 65% to hit)
You throw a poisoned dart. The poisoned dart hits the black bear.
The black bear looks even sicker.
The black bear is almost dead.
Casting: Blink (safe; 3% risk of failure)
Confirm with . or Enter, or press ? or * to list all spells.
You don't have enough magic to cast this spell.
The black bear misses you. The black bear claws you. x2
* * * LOW HITPOINT WARNING * * *
The black bear bites you.
* * * LOW HITPOINT WARNING * * *
The black bear barely misses you. The black bear claws you.
You die...

#######.###...#######
#.# #.### #.# #.#
.#######.# #.#
.........###.#
.............#
########.#####
########.########
#...h@...........
#.######.#####.## #(#
#.# #.# #.#
#.######.#
#.#########........#
#......((((######..#
#.#.######.........#
########. #


You could see a black bear (berserk, very poisoned).

Vanquished Creatures
  Natasha (thrice) (D:2)
  3 adders
  A dart slug (D:1)
  7 orcs (D:3)
  6 bats
  4 endoplasms
  A giant cockroach (D:1)
  6 goblins
  6 hobgoblins
  8 jackals (D:1)
  4 kobolds
  A quokka (D:1)
  6 ball pythons
  3 frilled lizards
  3 rats
62 creatures vanquished.

Notes
Turn   | Place    | Note
-------+----------+-------------------------------------------
     0 | D:1      | frimble the Octopode Warper began the quest for the Orb.
     0 | D:1      | Reached XP level 1. HP: 14/14 MP: 3/3
   102 | D:1      | Reached XP level 2. HP: 19/19 MP: 5/5
   106 | D:1      | Reached skill level 1 in Stealth
   713 | D:1      | Reached XP level 3. HP: 15/24 MP: 6/6
   719 | D:1      | Learned a level 2 spell: Blink
   850 | D:1      | Found a faded altar of an unknown god.
  2052 | D:2      | Noticed Natasha
  2066 | D:2      | Reached XP level 4. HP: 16/29 MP: 7/7
  2831 | D:2      | Killed Natasha
  3244 | D:2      | Noticed Natasha
  3248 | D:2      | Killed Natasha
  3249 | D:2      | Reached XP level 5. HP: 34/34 MP: 8/8
  3273 | D:2      | Noticed Natasha
  3278 | D:2      | Killed Natasha
  3752 | D:3      | Noticed a black bear
  3774 | D:3      | Slain by a black bear

Illustrated notes

Levels and vault maps discovered:
D:1:      sevenhm_arrival_forest_fort_small_4, layout_basic,
          ebering_ecumenical_altar_hall
D:2:      kennysheep_big_flooded_room, layout_basic, uniq_natasha
D:3:      due_chaos_kobolds, layout_loops_ring

Skill      XL: |  1  2  3  4  5 |
---------------+----------------+-----
Stealth        | 2 3 4 |  4.8
Short Blades   | 3 4 |  4.0
Fighting       | |  2.0
Throwing       | |  1.1
Dodging        | |  2.4
Spellcasting   | |  2.0
Translocations | |  3.0

Action                   |  1- 3 |  4- 6 || total
-------------------------+-------+-------++-------
Melee: Dagger            |    41 |       ||    41
       Short sword       |    36 |    48 ||    84
       Constrict         |     8 |    13 ||    21
       Tentacles         |     4 |     6 ||    10
Throw: Dart              |       |     6 ||     6
 Cast: Blink             |       |     4 ||     4
  Use: Scroll            |     4 |     5 ||     9
       Potion            |       |     1 ||     1
 Stab: Sleeping          |     8 |     4 ||    12
Armor: Skin              |     1 |    10 ||    11
Dodge: Dodged            |    44 |    32 ||    76

Table legend: (Time is in decaauts)
 A = Elapsed time spent in this place.
 B = Non-inter-level travel time spent in this place.
 C = Inter-level travel time spent in this place.
 D = Time resting spent in this place.
 E = Time spent auto-exploring this place.
 F = Levels seen in this place.
 G = Mean time per level.
                   A        B        C        D        E       F      G
               +--------+--------+--------+--------+--------+-----+--------+
         Total |   3762 |   3737 |     25 |    330 |   2952 |   3 | 1254.0 |
       Dungeon |   3762 |   3737 |     25 |    330 |   2952 |   3 | 1254.0 |
               +--------+--------+--------+--------+--------+-----+--------+

Top non-repeatable levels by time:
     D:1: 1781 daAuts
     D:2: 1475 daAuts
     D:3: 505 daAuts
